 Dungeon Crawl Stone Soup version 0.27-a0-1189-gb8eb6cee8e (webtiles) character file.

Game seed: 17926848943774639319

36 tilp the Caller (level 3, -1/29 HPs)
             Began as a Barachi Summoner on May 22, 2021.
             Slain by a goblin
             ... wielding a +0 club
             ... led by Robin
              (2 damage)
             ... on level 2 of the Dungeon.
             The game lasted 00:03:13 (1962 turns).

tilp the Caller (Barachi Summoner)                  Turns: 1962, Time: 00:03:13

Health: -1/29      AC:  5    Str: 10    XL:     3   Next: 37%
Magic:  4/6        EV: 10    Int: 15    God:
Gold:   57         SH:  0    Dex: 12    Spells: 3/6 levels left

rFire    . . .     SeeInvis .   a - +0 dagger
rCold    . . .     Faith    .   (no shield)
rNeg     . . .     Spirit   .   c - +0 ring mail
rPois    .         Reflect  .   (no helmet)
rElec    .         Harm     .   (no cloak)
rCorr    .         Rampage  .   (no gloves)
Will     .....                  (no boots)
Stlth    +.........             (no amulet)
HPRegen  0.09/turn              (no ring)
MPRegen  0.10/turn              (no ring)

@: unable to hop, slow
A: amphibious, slowness 1, strong legs 1, +LOS
a: Hop


You were on level 2 of the Dungeon.
You visited 1 branch of the dungeon, and saw 2 of its levels.

You collected 57 gold pieces.

Inventory:

Hand Weapons
 a - a +0 dagger (weapon)
Missiles
 b - 2 poisoned darts (quivered)
Armour
 c - a +0 ring mail (worn)
Jewellery
 f - an amulet of reflection
Scrolls
 e - a scroll of enchant weapon {unknown}
Potions
 d - a potion of attraction {unknown}
 g - a potion of heal wounds {unknown}


   Skills:
 - Level 3.0 Fighting
 - Level 2.4 Dodging
 - Level 1.7 Stealth
 + Level 2.3 Spellcasting
 + Level 4.9 Summonings


You had 3 spell levels left.
You knew the following spells:

 Your Spells              Type           Power      Damage    Failure   Level
a - Summon Small Mammal   Summ           64%        N/A       8%          1
b - Call Imp              Summ           16%        N/A       11%         2

Your spell library contained the following spells:

 Spells                   Type           Power      Damage    Failure   Level
 Call Canine Familiar     Summ           16%        N/A       22%         3
 Summon Guardian Golem    Hex/Summ       9%         N/A       52%         3
 Summon Ice Beast         Ice/Summ       9%         N/A       90%         4
 Summon Lightning Spire   Summ/Air       9%         N/A       90%         4


Dungeon Overview and Level Annotations

Branches:
Dungeon (2/15)

Altars:

Annotations:
D:2 Robin


Innate Abilities, Weirdness & Mutations

You are amphibious.
You cover ground slowly.
You can hop short distances.
You have an extended range of vision and can be seen from far away.


Message History

You close the door.
You open the door.
A goblin opens the door.
The goblin hits your crimson imp with a +0 club.
There is an open door here.
Your crimson imp blinks!
You close the door.
Something unseen opens the door.
Robin roars a battlecry!
The goblins go into a battle-frenzy!
Robin throws the goblin at you!
The goblin unwields a +0 hunting sling.
The goblin wields a +0 club.
The goblin barely misses you.
The goblin unwields a +0 club.
The goblin wields a +0 hunting sling.
The goblin shoots a stone.
The stone closely misses you.
The goblin no longer looks unusually strong.
The goblin no longer looks unusually strong. x2
The goblin hits you with a +0 dagger.
* * * LOW HITPOINT WARNING * * *
Robin roars a battlecry!
The goblins go into a battle-frenzy!
Casting: Call Imp (safe; 11% risk of failure)
Confirm with . or Enter, or press ? or * to list all spells.
A beastly little devil appears in a puff of frigid air.
The goblin hits you with a +0 dagger.
* * * LOW HITPOINT WARNING * * *
You swap places.
The goblin barely misses your white imp.
Your white imp hits the goblin.
Your white imp freezes the goblin.
The goblin dies!
The goblin shoots a stone.
The stone hits your white imp.
The goblin shoots a stone.
The stone barely misses your white imp. The stone hits you.
* * * LOW HITPOINT WARNING * * *
Robin throws the goblin at you!
* * * LOW HITPOINT WARNING * * *
Your white imp gestures at the goblin.
The puff of frost hits the goblin!
The goblin dies!
The goblin barely misses you.
You miss the goblin. The goblin hits you with a +0 club.
You die...

#.....# #P≈.#
#.....######≈.##
##.....##..#.≈.# .#
........+..#P≈P## .#
........#.##P≈..## ..#
..........#P.≈..P## ...
g.......###..P≈PPP# ..# #
...####.######≈######.#.#
...# #..g.g)5..@..##.#.#
##############..#g......#
......# ##.#.....###
......# #.#..#..# ......#
#.#..#.<# g.....+
#(####..# ......#
#.[.....# ......# #
#######.# ......# #$##
#.#


You could see Robin, 2 goblins and a friendly white imp (summoned).

Vanquished Creatures
  An adder (D:2)
  3 goblins
  A hobgoblin (D:1)
  A quokka (D:1)
  2 ball pythons (D:1)
  A bat (D:1)
  A frilled lizard (D:1)
  2 rats (D:1)
12 creatures vanquished.

Vanquished Creatures (collateral kills)
  A dart slug (D:1)
  A worm (D:2)
  A bat (D:1)
  4 endoplasms (D:1)
  9 goblins
  4 hobgoblins
  3 kobolds (D:2)
  A quokka (D:1)
24 creatures vanquished.

Grand Total: 36 creatures vanquished

Notes
Turn   | Place    | Note
-------+----------+-------------------------------------------
     0 | D:1      | tilp the Barachi Summoner began the quest for the Orb.
     0 | D:1      | Reached XP level 1. HP: 13/13 MP: 3/3
    82 | D:1      | Reached skill level 1 in Fighting
   228 | D:1      | Reached XP level 2. HP: 9/22 MP: 1/5
   231 | D:1      | Learned a level 2 spell: Call Imp
  1402 | D:2      | Found a faded altar of an unknown god.
  1776 | D:2      | Reached XP level 3. HP: 21/29 MP: 0/6
  1891 | D:2      | Noticed Robin
  1961 | D:2      | HP: 1/29 [Robin/goblin (3)]
  1962 | D:2      | Slain by a goblin

Illustrated notes

Levels and vault maps discovered:
D:1:      dpeg_arrival_short_road, layout_loops_ring
D:2:      layout_basic, shapermc_ecumenical_altar_hornbeckon,
          kennysheep_small_spiral, uniq_robin

Skill      XL: |  1  2 |
---------------+-------+-----
Fighting       | 1 3 |  3.0
Dodging        | |  2.4
Stealth        | |  1.7
Spellcasting   | |  2.3
Summonings     | |  4.9

Action                   || total
-------------------------++-------
Melee: Dagger            ||    59
Throw: Dart              ||     1
 Cast: Summon Small Mamm ||    14
       Call Imp          ||    15
 Abil: Hop               ||     2
 Stab: Sleeping          ||     1
Armor: Robe              ||     2
       Ring mail         ||    22
Dodge: Dodged            ||    48

Table legend: (Time is in decaauts)
 A = Elapsed time spent in this place.
 B = Non-inter-level travel time spent in this place.
 C = Inter-level travel time spent in this place.
 D = Time resting spent in this place.
 E = Time spent auto-exploring this place.
 F = Levels seen in this place.
 G = Mean time per level.
                   A        B        C        D        E       F      G
               +--------+--------+--------+--------+--------+-----+--------+
         Total |   2138 |   2077 |     61 |    412 |   1329 |   2 | 1069.0 |
       Dungeon |   2138 |   2077 |     61 |    412 |   1329 |   2 | 1069.0 |
               +--------+--------+--------+--------+--------+-----+--------+

Top non-repeatable levels by time:
     D:1: 1512 daAuts
     D:2: 625 daAuts
